 Dungeon Crawl Stone Soup version 0.30-a0-782-ge64f9170bb (console) character file.

Game seed: 4335399330374668949

803 Banquo the Magician (level 8, 0/56 HPs)
             Began as a Djinni Fire Elementalist on Feb 21, 2023.
             Was a Follower of Wu Jian.
             Slain by Duvessa
             ... wielding a +0 short sword
              (13 damage)
             ... on level 5 of the Dungeon.
             The game lasted 00:10:50 (3579 turns).

Banquo the Magician (Djinni Fire Elementalist)      Turns: 3579, Time: 00:10:50

Health: 0/56       AC:  6    Str:  7    XL:     8   Next: 14%
Gold:   306        EV: 12    Int: 18    God:    Wu Jian [*.....] SH:  0 Dex: 15

rFire   + + .      SeeInvis +    c - +0 whip (flame)
rCold   x . .      Faith    .    (no shield)
rNeg    . . .      Spirit   .    a - +0 robe
rPois   ∞          Reflect  .    (no helmet)
rElec   .          Harm     .    (no cloak)
rCorr   .          Rampage  .    (no gloves)
Will    .....                    (boots unavailable)
Stlth   ++                       t - amulet of the acrobat
HPRegen 0.29/turn                o - ring of see invisible
MPRegen 0.00/turn                u - +4 ring of protection

@: flying
A: sickness immunity, fire resistance 2, cold vulnerability 1, float, innate
caster, HP casting, extra vitality 1
a: Renounce Religion


You were on level 5 of the Dungeon.
You worshipped Wu Jian.
Wu Jian was aware of your devotion.
You visited 1 branch of the dungeon, and saw 5 of its levels.

You collected 306 gold pieces.

Inventory:

Hand Weapons
 c - a +0 whip of flaming (weapon)
 q - a +0 hand axe of flaming
Armour
 a - a +0 robe (worn)
Jewellery
 o - a ring of see invisible (left hand)
 p - an amulet of faith
 t - an amulet of the acrobat (around neck)
 u - a +4 ring of protection (right hand)
Scrolls
 b - 2 scrolls of poison {unknown}
 d - 3 scrolls of blinking {unknown}
 f - 7 scrolls of identify {unknown}
 g - 2 scrolls of vulnerability {unknown}
 k - a scroll of teleportation {unknown}
 l - a scroll of enchant armour {unknown}
 v - a scroll of amnesia {unknown}
 w - 2 scrolls of immolation {unknown}
Potions
 e - a potion of attraction {unknown}
 h - 2 potions of haste {unknown}
 i - 3 potions of might {unknown}
 j - a potion of cancellation {unknown}
 m - a potion of ambrosia {unknown}
 n - 2 potions of curing {unknown}
 r - a potion of heal wounds {unknown}
 s - a potion of invisibility {unknown}
 x - a potion of flight {unknown}


   Skills:
 * Level 3.5 Fighting
 - Level 2.1 Dodging
 - Level 1.5 Stealth
 + Level 6.3 Spellcasting


You couldn't memorise any spells.
You knew the following spells:

 Your Spells              Type           Power      Damage    Failure   Level
a - Freeze                Ice            100%       1d10      1%          1
b - Scorch                Fire           56%        2d8       1%          2
c - Kindle Blastsparks    Fire/Tloc/Air  56%        2d14      2%          3
d - Inner Flame           Hex/Fire       28%        N/A       2%          3
e - Flame Wave            Conj/Fire      28%        2d9       9%          4
f - Ensorcelled Hibernat  Hex/Ice        56%        N/A       1%          2
g - Vampiric Draining     Necr           28%        2d8       2%          3
z - Foxfire               Conj/Fire      100%       2x1d9     1%          1
Your spell library was empty.

Dungeon Overview and Level Annotations

Branches:
Dungeon (5/15)
 Temple: D:4-7

Altars:
Elyvilon
Fedhas
Hepliaklqana
Okawaru
Wu Jian
Yredelemnul

Shops:
D:3 (

Annotations:
D:5 Duvessa


Innate Abilities, Weirdness & Mutations

You are immune to sickness and miasma.
You are immune to poison.
Your flesh is very heat resistant. (rF++)
You are vulnerable to cold. (rC-)
You float through the air rather than walking.
You learn spells naturally, not from books.
Your magical power is your life essence.
You have superior vitality. (+4 MHP)


Message History

Flames lash Duvessa.
Duvessa is lightly wounded.
Duvessa's fire resistance burns away.
The foxfire hits Duvessa.
Duvessa is burned terribly!
Duvessa is moderately wounded.
The foxfire hits Duvessa.
Duvessa is burned terribly!
Duvessa is moderately wounded.
Casting: Scorch (safe; 1% risk of failure)
Press: ? - help, Q - select action, (/) - cycle Dir - look around, f - activate Flames lash Duvessa.
Duvessa is moderately wounded.
An orc comes into view. It is wielding a +0 dagger.
Casting: Scorch (safe; 1% risk of failure)
Press: ? - help, Q - select action, (/) - cycle Dir - look around, f - activate Flames lash Duvessa.
Duvessa is burned terribly!
Duvessa is heavily wounded.
Duvessa hits you with a +0 short sword. Duvessa closely misses you.
Casting: Scorch (safe; 1% risk of failure)
Press: ? - help, Q - select action, (/) - cycle Dir - look around, f - activate Flames lash Duvessa.
Duvessa is burned terribly!
Duvessa is heavily wounded.
Duvessa barely misses you.
Casting: Scorch (safe; 1% risk of failure)
Press: ? - help, Q - select action, (/) - cycle Dir - look around, f - activate Flames lash Duvessa but do no damage.
Duvessa hits you with a +0 short sword. Duvessa completely misses you.
Casting: Scorch (safe; 1% risk of failure)
Press: ? - help, Q - select action, (/) - cycle Dir - look around, f - activate Flames lash Duvessa.
Duvessa is burned terribly!
Duvessa is almost dead.
Duvessa hits you with a +0 short sword.
Casting: Scorch (safe; 1% risk of failure)
Press: ? - help, Q - select action, (/) - cycle Dir - look around, f - activate Flames lash the orc.
You kill the orc!
The Council accepts your kill. Duvessa hits you with a +0 short sword!
* * * LOW HITPOINT WARNING * * *
Duvessa hits you with a +0 short sword!
You die...

..### ....###
#....# #.#.######
#........# ###
#######..<...#
....##...#........#
#.))............#
..§#..))).e@<.....#
#...†............#
##...............#
#.#.............#
#..#...#...######
##....####.# ####.#
#.# #.# #.# ..# #.#


You could see Duvessa (berserk, combustible).

Vanquished Creatures
  Grinder (D:4)
  An ogre (D:4)
  A phantom (D:4)
  Dowan (D:5)
  2 hounds (D:4)
  An orc priest (D:4)
  2 iguanas
  An orc wizard (D:4)
  6 gnolls (D:3)
  8 adders
  An ufetubus (D:5)
  A worm (D:3)
  2 dart slugs
  10 orcs
  9 endoplasms
  A giant cockroach (D:3)
  5 hobgoblins
  A quokka (D:2)
  7 ball pythons
  2 bats (D:3)
  2 frilled lizards (D:1)
  9 goblins
  9 kobolds
  5 rats
88 creatures vanquished.

Vanquished Creatures (others)
  192 foxfires
192 creatures vanquished.

Grand Total: 280 creatures vanquished

Notes
Turn   | Place    | Note
-------+----------+-------------------------------------------
     0 | D:1      | Banquo the Djinni Fire Elementalist began the quest for the
                  | Orb.
     0 | D:1      | Banquo set off with the following spells memorised:
                  | Foxfire, Scorch, Kindle Blastsparks, Inner Flame, Flame
                  | Wave.
     0 | D:1      | Reached XP level 1. HP: 15/15 MP: 0/0
   164 | D:1      | Reached XP level 2. HP: 16/22 MP: 0/0
  1066 | D:2      | Reached skill level 3 in Spellcasting
  1067 | D:2      | Reached XP level 3. HP: 19/26 MP: 0/0
  1067 | D:2      | Learned a level 1 spell: Freeze
  1070 | D:2      | Reached skill level 1 in Fighting
  1608 | D:3      | Reached XP level 4. HP: 26/32 MP: 0/0
  1743 | D:3      | Reached XP level 5. HP: 18/38 MP: 0/0
  1743 | D:3      | Learned a level 2 spell: Ensorcelled Hibernation
  1915 | D:3      | Reached skill level 4 in Spellcasting
  2083 | D:3      | Found Nulolev's Weapon Boutique.
  2218 | D:3      | Found an ornate altar of the Wu Jian Council.
  2223 | D:3      | Noticed a spectral centipede
  2223 | D:3      | Noticed a spectral black mamba
  2223 | D:3      | Noticed a spectral cane toad
  2224 | D:3      | Became a worshipper of the Wu Jian Council
  2267 | D:3      | Found an iron altar of Okawaru.
  2267 | D:3      | Found a blossoming altar of Fedhas.
  2451 | D:3      | Found a hazy altar of Hepliaklqana.
  2542 | D:4      | Noticed an ogre
  2545 | D:4      | Reached XP level 6. HP: 36/43 MP: 0/0
  2649 | D:4      | Reached * piety under Wu Jian
  2750 | D:4      | Reached skill level 5 in Spellcasting
  2768 | D:4      | Reached XP level 7. HP: 25/49 MP: 0/0
  2768 | D:4      | Learned a level 3 spell: Vampiric Draining
  3181 | D:4      | Found a basalt altar of Yredelemnul.
  3248 | D:4      | Noticed Grinder
  3249 | D:4      | Paralysed by Grinder for 3 turns
  3255 | D:4      | Killed Grinder
  3256 | D:4      | Reached skill level 6 in Spellcasting
  3334 | D:4      | Reached XP level 8. HP: 55/56 MP: 0/0
  3382 | D:4      | Found a white marble altar of Elyvilon.
  3508 | D:5      | Entered Level 5 of the Dungeon
  3536 | D:5      | Noticed Dowan
  3544 | D:5      | Killed Dowan
  3569 | D:5      | Noticed Duvessa
  3579 | D:5      | Slain by Duvessa

Illustrated notes

Levels and vault maps discovered:
D:1:      psy_arrival_basics, layout_basic
D:2:      layout_rooms, minmay_misc_feat_tower
D:3:      layout_loops_ring, nzn_hepliaklqana_mist_gate,
          pdpol_wu_jian_five_deadly_venoms, gammafunk_temple_overflow_statue,
          serial_shops, shop
D:4:      layout_loops_ring, kennysheep_ying_yang, uniq_grinder
D:5:      layout_rooms, lemuel_crystal_altar, uniq_duvessa,
          uniq_crazy_yiuf_cottage

Skill      XL: |  1  2  3  4  5  6  7 |
---------------+----------------------+-----
Spellcasting   | 3 4 5 6 |  6.3
Fighting       | 1 2 3 |  3.5
Dodging        | |  2.1
Stealth        | |  1.5

Action                     |  1- 3 |  4- 6 |  7- 9 || total
---------------------------+-------+-------+-------++-------
  Melee: Whip              |       |     1 |       ||     1
   Cast: Foxfire           |    76 |     7 |    30 ||   113
         Scorch            |     5 |    63 |    19 ||    87
 Armour: Robe              |       |     1 |     1 ||     2
  Dodge: Dodged            |       |    10 |     3 ||    13

Table legend: (Time is in decaauts)
 A = Elapsed time spent in this place.
 B = Non-inter-level travel time spent in this place.
 C = Inter-level travel time spent in this place.
 D = Time resting spent in this place.
 E = Time spent auto-exploring this place.
 F = Levels seen in this place.
 G = Mean time per level.
                   A        B        C        D        E       F      G
               +--------+--------+--------+--------+--------+-----+--------+
         Total |   3578 |   3402 |    176 |     16 |   2853 |   5 |  715.6 |
       Dungeon |   3578 |   3402 |    176 |     16 |   2853 |   5 |  715.6 |
               +--------+--------+--------+--------+--------+-----+--------+

Top non-repeatable levels by time:
     D:1: 1060 daAuts
     D:4: 956 daAuts
     D:3: 949 daAuts
     D:2: 541 daAuts
     D:5: 70 daAuts
